 Dungeon Crawl Stone Soup version 0.31-a0-214-gb37851dbb3 (webtiles) character file.

Game seed: 6713859680006508000

1863 holysushi the Spear-Bearer (level 9, 0/64 HPs)
             Began as a Formicid Monk on July 1, 2023.
             Slain by an orc warrior
             ... wielding a +0 trident
              (7 damage)
             ... in a bailey.
             The game lasted 00:09:27 (5124 turns).

holysushi the Spear-Bearer (Formicid Monk)          Turns: 5124, Time: 00:09:28

Health: 0/64       AC: 11    Str: 24    XL:     9   Next: 35%
Magic:  9/9        EV: 15    Int: 14    God:
Gold:   351        SH:  5    Dex: 22    Spells: 8/8 levels left

rFire   . . .        w - +0 halberd
rCold   . . .        u - +0 buckler
rNeg    . . .        j - +2 leather armour of Perfidy {Int+4 Dex+4}
rPois   .            (helmet unavailable)
rElec   .            (no cloak)
rCorr   .            e - +1 pair of gloves
SInv    +            (no boots)
Will    .....        g - amulet of the acrobat
Stlth   ++           i - +4 ring of protection
HPRegen 0.30/turn    h - +6 ring of strength
MPRegen 0.11/turn

%: acrobat
@: no status effects
A: permanent stasis, dig shafts and tunnels, antennae 3, four strong arms
a: Dig


You were in a bailey.
You visited 1 branch of the dungeon, and saw 7 of its levels.
You also visited: Bailey.

You collected 351 gold pieces.

Inventory:

Hand Weapons
 s - a +0 trident
 w - a +0 halberd (weapon)
Armour
 b - a +0 robe
 d - an orb of light
 e - a +1 pair of gloves (worn)
 j - the +2 leather armour of Perfidy (worn) {Int+4 Dex+4}
   (You found it on level 2 of the Dungeon)

   Int:       It affects your intelligence (+4).
   Dex:       It affects your dexterity (+4).
 u - a +0 buckler (worn)
 v - a +2 chain mail of fire resistance
Jewellery
 g - an amulet of the acrobat (around neck)
 h - a +6 ring of strength (right hand)
 i - a +4 ring of protection (left hand)
 l - a ring of protection from fire
 p - a +6 ring of intelligence
Scrolls
 a - a scroll of fear
 o - 3 scrolls of immolation {unknown}
 q - a scroll of acquirement {unknown}
 r - a scroll of poison {unknown}
Potions
 c - 2 potions of ambrosia
 f - 3 potions of curing
 k - a potion of attraction
 m - a potion of brilliance
 n - a potion of enlightenment
 t - 2 potions of mutation


   Skills:
 - Level 3.2 Fighting
 + Level 10.8 Polearms
 - Level 5.0 Dodging
 - Level 2.0 Stealth
 - Level 1.0 Shields


You had 8 spell levels left.
You didn't know any spells.
Your spell library contained the following spells:

 Spells                   Type           Power      Damage    Failure   Level
 Freeze                   Ice            0%         1d3       38%         1
 Frozen Ramparts          Ice            0%         1d1       77%         3
 Hailstorm                Conj/Ice       0%         3d3       77%         3
 Portal Projectile        Hex/Tloc       0%         N/A       77%         3
 Tukima's Dance           Hex            0%         N/A       77%         3
 Petrify                  Tmut/Erth      0%         N/A       99%         4
 Blade Hands              Tmut           0%         N/A       100%        5
 Metabolic Englaciation   Hex/Ice        0%         N/A       100%        5
 Statue Form              Tmut/Erth      0%         N/A       100%        6


Dungeon Overview and Level Annotations

Branches:
Dungeon (7/15) Zot: 26781  Temple (0/1) D:7          Bailey (1/1) Zot: 5899

Altars:
Fedhas
Hepliaklqana
Makhleb
Okawaru
Qazlal

Annotations:
D:6 1 runed translucent door, promet's ghost, novice MiFi


Innate Abilities, Weirdness & Mutations

You cannot be hasted, slowed, berserked, paralysed or teleported.
You can dig through walls and to a lower floor.
You have a pair of large antennae on your head. (SInv)
Your four strong arms can wield two-handed weapons with a shield.


Message History

You reach to attack!
You puncture the orc warrior!
The orc warrior is heavily wounded.
The orc warrior completely misses you.
Reach: w) +0 halberd
Press: ? - help, Dir - move target, f/p - orc warrior
Aim: an orc warrior, wielding a +0 trident and wearing a +0 chain mail (heavily wounded, about 39% to evade your +0 halberd)
You reach to attack!
You closely miss the orc warrior.
The orc warrior is heavily wounded.
The orc warrior misses you.
Reach: w) +0 halberd
Press: ? - help, Dir - move target, f/p - orc warrior
Aim: an orc warrior, wielding a +0 trident and wearing a +0 chain mail (heavily wounded, about 39% to evade your +0 halberd)
You reach to attack!
You slash the orc warrior!
The orc warrior is almost dead.
The orc warrior misses you.
Reach: w) +0 halberd
Press: ? - help, Dir - move target, f/p - orc warrior
Aim: an orc warrior, wielding a +0 trident and wearing a +0 chain mail (almost dead, about 39% to evade your +0 halberd)
You reach to attack!
You hit the orc warrior but do no damage.
The orc warrior is almost dead.
The orc warrior hits you from afar with a +0 trident!
* * * LOW HITPOINT WARNING * * *
The orc warrior hits you from afar with a +0 trident!
* * * LOW HITPOINT WARNING * * *
Reach: w) +0 halberd
Press: ? - help, Dir - move target, f/p - orc warrior
Aim: an orc warrior, wielding a +0 trident and wearing a +0 chain mail (almost dead, about 39% to evade your +0 halberd)
You reach to attack!
You hit the orc warrior.
The orc warrior is almost dead.
The orc warrior misses you.
Reach: w) +0 halberd
Press: ? - help, Dir - move target, f/p - orc warrior
Aim: an orc warrior, wielding a +0 trident and wearing a +0 chain mail (almost dead, about 39% to evade your +0 halberd)
You reach to attack!
You completely miss the orc warrior.
The orc warrior is almost dead.
You block the orc warrior's attack.
You feel better.
The orc warrior hits you from afar with a +0 trident!
You die...

############ ##
##.∩........## #..
#......#.....######..o
#.....###....#....#..#
#∩.....8.....o..{{o..8
#....@###).){#....#..#
#.)).).#.)...######...
##.∩.).oo)..## #..
############ ##


You could see an orc warrior and an orc.

Vanquished Creatures
  A yak (D:5)
  A water moccasin (D:5)
  A black bear (D:5)
  4 orc warriors
  A sky beast (D:4)
  An ogre (D:6)
  2 scorpions
  5 wights
  A howler monkey (D:4)
  3 jellies
  An orc priest (D:6)
  2 hounds
  Jessica (D:3)
  2 iguanas (D:6)
  5 orc wizards
  4 adders
  2 white imps (D:6)
  2 ufetubi
  2 worms (D:2)
  A dart slug (D:2)
  33 orcs
  6 endoplasms
  A giant cockroach (D:3)
  8 goblins
  3 hobgoblins
  3 jackals (D:3)
  3 quokkas
  9 ball pythons
  6 bats
  5 frilled lizards
  5 kobolds
  4 rats
128 creatures vanquished.

Notes
Turn   | Place    | Note
-------+----------+-------------------------------------------
     0 | D:1      | holysushi the Formicid Monk began the quest for the Orb.
     0 | D:1      | Reached XP level 1. HP: 18/18 MP: 1/1
   194 | D:1      | Reached XP level 2. HP: 21/24 MP: 2/2
   784 | D:2      | Reached skill level 4 in Polearms
   784 | D:2      | Reached XP level 3. HP: 29/29 MP: 3/3
  1084 | D:2      | Identified the +2 leather armour of Perfidy {Int+4 Dex+4}
  1440 | D:3      | Noticed Jessica
  1450 | D:3      | Killed Jessica
  1451 | D:3      | Reached XP level 4. HP: 11/35 MP: 4/4
  1671 | D:3      | Reached skill level 5 in Polearms
  2114 | D:4      | Noticed a sky beast
  2136 | D:4      | Killed a sky beast
  2137 | D:4      | Reached skill level 6 in Polearms
  2137 | D:4      | Reached XP level 5. HP: 24/41 MP: 5/5
  2202 | D:4      | Found a stormy altar of Qazlal.
  2222 | D:4      | Reached XP level 6. HP: 39/47 MP: 6/6
  2321 | D:4      | Found a hazy altar of Hepliaklqana.
  2488 | D:4      | Noticed an ogre
  2802 | D:5      | Entered Level 5 of the Dungeon
  2876 | D:5      | Reached skill level 7 in Polearms
  3013 | D:5      | Reached XP level 7. HP: 52/52 MP: 7/7
  3013 | D:5      | Noticed a water moccasin
  3024 | D:5      | Killed a water moccasin
  3140 | D:5      | Reached skill level 8 in Polearms
  3201 | D:5      | Noticed a yak
  3209 | D:5      | Killed a yak
  3361 | D:5      | Reached skill level 9 in Polearms
  3361 | D:5      | Reached XP level 8. HP: 52/58 MP: 8/8
  3783 | D:5      | Noticed a yak
  3840 | D:6      | Found a burning altar of Makhleb.
  3911 | D:6      | Reached skill level 1 in Stealth
  3996 | D:6      | Found a blossoming altar of Fedhas.
  4074 | D:6      | Found an iron altar of Okawaru.
  4276 | D:6      | Found a runed translucent door.
  4278 | D:6      | Noticed promet's ghost (novice MiFi)
  4380 | D:6      | Reached skill level 1 in Shields
  4530 | D:6      | Reached skill level 10 in Polearms
  4766 | D:6      | Reached XP level 9. HP: 64/64 MP: 9/9
  5008 | D:7      | Found a flagged portal.
  5021 | Bailey   | Entered a bailey
  5048 | Bailey   | Reached skill level 5 in Dodging
  5121 | Bailey   | HP: 1/64 [orc warrior/+0 trident (12)]
  5124 | Bailey   | Slain by an orc warrior

Illustrated notes

Levels and vault maps discovered:
D:1:      nzn_arrival_water_spiral, layout_loops_ring, minivault_25
D:2:      minmay_door_path, layout_basic
D:3:      layout_basic, uniq_jessica
D:4:      layout_basic, lemuel_coloured_pillars_altar,
          nicolae_qazlal_beasts_of_the_sky
D:5:      layout_loops_ring, serial_rivers, chequers_serial_rivers_micro_a,
          chequers_serial_rivers_room_b, chequers_serial_rivers_micro_a,
          chequers_serial_rivers_small_a, chequers_serial_rivers_micro_d,
          kennysheep_generic_room_11
D:6:      layout_gridville, mainiacjoe_overflow_24_doors,
          mainiacjoe_overflow_boulevard, lemuel_crystal_altar,
          ebering_ghost_reflecting_pool
D:7:      layout_loops_ring, zin_scriptorium, mainiacjoe_overflow_big_doors,
          minmay_temple_entry_statues_fountains, enter_bailey_5, uniq_duvessa,
          uniq_crazy_yiuf_cottage
Bailey:   bailey_polearm_5, bailey

Skill      XL: |  1  2  3  4  5  6  7  8  9 |
---------------+----------------------------+-----
Polearms       | 4 6 7 9 10 | 10.8
Dodging        | 4 5 |  5.0
Stealth        | 2 |  2.0
Shields        | 1 |  1.0
Fighting       | |  3.2

Action                     |  1- 3 |  4- 6 |  7- 9 || total
---------------------------+-------+-------+-------++-------
  Melee: Spear             |   109 |    95 |       ||   204
         Trident           |       |    17 |   201 ||   218
         Halberd           |       |       |    29 ||    29
    Use: Scroll            |     7 |       |     3 ||    10
         Potion            |       |       |     6 ||     6
   Stab: Sleeping          |       |       |     4 ||     4
 Armour: Robe              |    14 |       |       ||    14
         Leather armour    |     2 |    33 |    31 ||    66
  Dodge: Dodged            |    43 |    74 |   111 ||   228
  Block: Buckler           |       |       |    30 ||    30

Table legend: (Time is in decaauts)
 A = Elapsed time spent in this place.
 B = Non-inter-level travel time spent in this place.
 C = Inter-level travel time spent in this place.
 D = Time resting spent in this place.
 E = Time spent auto-exploring this place.
 F = Levels seen in this place.
 G = Mean time per level.
                   A        B        C        D        E       F      G
               +--------+--------+--------+--------+--------+-----+--------+
         Total |   5066 |   4895 |    171 |    679 |   2902 |   8 |  633.2 |
       Dungeon |   4966 |   4795 |    171 |    679 |   2902 |   7 |  709.4 |
        Bailey |     99 |     99 |      0 |      0 |      0 |   1 |   99.0 |
               +--------+--------+--------+--------+--------+-----+--------+

Top non-repeatable levels by time:
     D:6: 1129 daAuts
     D:4: 837 daAuts
     D:5: 787 daAuts
     D:2: 723 daAuts
     D:3: 719 daAuts
     D:1: 693 daAuts
  Bailey: 99 daAuts
     D:7: 76 daAuts
